[Event "80th ARM-ch 1st League 2019"]
[Site "Yerevan"]
[Date "2019.08.29"]
[Round "11.5"]
[White "Baghdasaryan, Vahe"]
[Black "Gharibyan, Mamikon"]
[Result "0-1"]
[ECO "A45"]
[WhiteElo "2373"]
[BlackElo "2365"]
[Annotator "NA"]
[PlyCount "124"]
[EventDate "2019.08.18"]
[EventType "tourn"]
[EventCountry "ARM"]
[SourceTitle "playchess.com"]
[Source "ChessBase"]
[SourceQuality "1"]
[TimeControl "40/5400+30:1800+30"]

1. d4 Nf6 2. Nc3 d5 3. Bf4 Bf5 4. f3 h5 5. e4 dxe4 6. fxe4 Nxe4 7. Qf3 Nxc3 $1 ({Don't play} 7... Qxd4 $6 8. Rd1 $16) 8. bxc3 Nd7 9. Qxb7 e5 10. Bxe5 Ba3 $15 11. Qf3 Bg4 12. Qe4 O-O 13. Bd3 g6 14. Ne2 Nxe5 15. dxe5 Qg5 16. h4 Qe7 17. O-O Rae8 18. Bc4 Bf5 19. Rxf5 gxf5 20. Qxf5 Bc5+ 21. Kf1 Qxe5 22. Qg6+ Qg7 23. Qxh5 Qf6+ 24. Qf3 Qxh4 25. Qg3+ Qxg3 26. Nxg3 Re3 27. Ne2 Re4 28. Bd5 Rh4 29. g3 Rh2 30. Rd1 Re8 31. Rd2 Rf2+ 32. Ke1 Rf5 33. g4 Rg5 34. Rd3 Re3 35. Bf3 Rxd3 36. cxd3 Be3 37. a4 Ra5 38. Bc6 Ra6 39. Bb5 Rb6 40. Kd1 c6 41. Bc4 Rb2 42. Ng3 Kf8 43. Nf5 Bb6 44. Nd6 Rf2 45. Nc8 Rg2 46. a5 Be3 47. a6 Rd2+ 48. Ke1 Rc2 49. Nd6 Rxc3 50. Ke2 Bf4 51. Nb7 Bc7 52. Kd2 Ra3 53. Ke3 Ra1 54. d4 Ke7 55. Nc5 Re1+ 56. Kf3 Rc1 57. Be2 Bb6 58. Nd3 Rc3 59. Ke3 Kd6 60. Ke4 Rc4 61. Ne5 Rxd4+ 62. Kf5 Rd5 0-1

[Event "80th ARM-ch 1st League 2019"]
[Site "Yerevan"]
[Date "2019.08.29"]
[Round "11.6"]
[White "Gevorgyan, Albert"]
[Black "Mikaelyan, Arman"]
[Result "1/2-1/2"]
[ECO "B38"]
[WhiteElo "2175"]
[BlackElo "2454"]
[Annotator "ChessBase"]
[PlyCount "152"]
[EventDate "2019.08.18"]
[EventType "tourn"]
[EventCountry "ARM"]
[SourceTitle "playchess.com"]
[Source "ChessBase"]
[SourceQuality "1"]
[TimeControl "40/5400+30:1800+30"]

1. d4 g6 2. e4 Bg7 3. Nf3 c5 4. c4 cxd4 5. Nxd4 Nc6 6. Be3 Nf6 7. Nc3 O-O 8. Be2 d6 9. O-O Bd7 10. Nc2 Qa5 11. Qd2 Rfc8 12. f3 a6 13. Rac1 Be6 14. b3 Rab8 15. b4 Nxb4 16. Nd5 Bxd5 17. exd5 Nfxd5 18. cxd5 Bc3 19. Qd1 Nxd5 20. Bd4 Qxa2 21. Qd3 Bxd4+ 22. Nxd4 Nf4 23. Qe4 e5 24. g3 Nh3+ 25. Kg2 Rxc1 26. Rxc1 Ng5 27. Qc2 Qxc2 28. Nxc2 Rc8 29. Bd1 Rc3 30. Rb1 Rd3 31. h4 Ne6 32. Kf2 Nc5 33. Nb4 Rd4 34. Be2 f5 35. Nd5 Kf7 36. Nb6 Ke7 37. Rb2 Kd8 38. Ke3 Kc7 39. Bc4 Na4 40. Nxa4 Rxc4 41. Nb6 Rc3+ 42. Ke2 Kc6 43. Nc8 d5 44. Ne7+ Kd6 45. Rxb7 e4 46. fxe4 fxe4 47. g4 d4 48. h5 gxh5 49. Nf5+ Ke5 50. Re7+ Kf4 51. Nxd4 hxg4 52. Kf2 Rh3 53. Ne2+ Kg5 54. Rxe4 Rf3+ 55. Kg2 a5 56. Ng3 Kh4 57. Nf1 Ra3 58. Ne3 h5 59. Kh2 Kg5 60. Ng2 Kf6 61. Rc4 a4 62. Rc5 Rh3+ 63. Kg1 a3 64. Ra5 Rb3 65. Kf2 Rf3+ 66. Kg1 g3 67. Nh4 Rb3 68. Kg2 Ke6 69. Nf3 Kd6 70. Nd4 Rb2+ 71. Kxg3 a2 72. Nb5+ Kc5 73. Nc3+ Kb4 74. Rxa2 Kxc3 75. Rxb2 h4+ 76. Kxh4 Kxb2 1/2-1/2

[Event "80th ARM-ch 1st League 2019"]
[Site "Yerevan"]
[Date "2019.08.29"]
[Round "11.7"]
[White "Torosyan, Norayr"]
[Black "Hoghmrtsyan, Artur"]
[Result "1-0"]
[ECO "C44"]
[WhiteElo "2365"]
[BlackElo "2317"]
[Annotator "NA"]
[PlyCount "123"]
[EventDate "2019.08.18"]
[EventType "tourn"]
[EventCountry "ARM"]
[SourceTitle "playchess.com"]
[Source "ChessBase"]
[SourceQuality "1"]
[TimeControl "40/5400+30:1800+30"]

1. e4 e5 2. Nf3 Nc6 3. d4 exd4 4. Nxd4 Bb4+ 5. c3 Bc5 6. Be3 Bb6 7. Nf5 g6 {[%emt 0:00:05] C45: Scotch Game} (7... Bxe3 8. Nxe3 d6 9. g3 Nge7 10. Bg2 O-O 11. O-O Kh8 12. Nd2 f5 13. f4 fxe4 14. Nxe4 Nf5 15. Re1 {1-0 (51) Matlakov,M (2700)-Postny,E (2615) St Petersburg 2018}) 8. Bxb6 axb6 9. Ne3 Nf6 10. f3 Qe7 11. c4 Qb4+ 12. Qd2 Qxd2+ 13. Kxd2 d6 14. Nc3 Kd8 15. Be2 h5 $146 16. h4 Nd4 17. Rhd1 Nd7 18. Bf1 Re8 19. Nb5 Ne6 20. Kc3 Rf8 21. Bd3 Ne5 22. Bc2 Bd7 23. Nd5 f5 {[%emt 0:18:40] [#]} ({Black should play} 23... Ra6 $14) 24. f4 ({Better is} 24. exf5 $1 $16 gxf5 25. a4) 24... Ng4 $16 (24... Nxc4 $11 {keeps the balance.} 25. Kxc4 Bxb5+ 26. Kxb5 c6+ 27. Kb4 cxd5) 25. exf5 gxf5 26. Re1 Ra6 27. Rxe6 Bxe6 28. Ndxc7 Kd7 29. Rd1 d5 30. Nxe6 Kxe6 31. Nc7+ Kf6 32. Nxa6 bxa6 33. Rxd5 Ne3 34. Rd6+ Ke7 35. Rxb6 Nxg2 36. Kd4 Nxh4 37. Rxa6 Nf3+ 38. Ke3 Ne1 39. Bd1 h4 40. Rh6 Ng2+ 41. Kf3 Ne1+ 42. Kf2 Nd3+ 43. Ke3 Nxb2 44. Bb3 Rd8 45. Rxh4 Rd3+ 46. Ke2 Rd4 47. c5 Kd7 48. Bc2 Rd5 49. Rh5 Rxc5 50. Bxf5+ Ke7 51. Rh7+ Kf6 52. Rh6+ Kg7 53. Rg6+ Kf7 54. Rg5 Kf6 55. Bd3 Rc3 56. Rg6+ Ke7 57. Bb5 Rc5 58. Rb6 Rc3 59. f5 Rc2+ 60. Kf3 Rc3+ 61. Kf4 Ra3 62. Ra6 1-0

[Event "80th ARM-ch 1st League 2019"]
[Site "Yerevan"]
[Date "2019.08.30"]
[Round "12.1"]
[White "Hoghmrtsyan, Artur"]
[Black "Davtyan, Artur"]
[Result "0-1"]
[ECO "E17"]
[WhiteElo "2317"]
[BlackElo "2440"]
[Annotator "NA"]
[PlyCount "92"]
[EventDate "2019.08.18"]
[EventType "tourn"]
[EventCountry "ARM"]
[SourceTitle "playchess.com"]
[Source "ChessBase"]
[SourceQuality "1"]
[TimeControl "40/5400+30:1800+30"]

1. d4 Nf6 2. Nf3 e6 3. g3 b6 4. Bg2 Bb7 5. c4 Be7 6. O-O O-O 7. b3 d5 8. cxd5 exd5 9. Nc3 Nbd7 10. Qc2 Re8 11. Bf4 c6 12. Rfd1 Nf8 13. Ne5 Ne6 14. Be3 Bd6 $15 15. f4 Qe7 16. Bf3 Rac8 17. Na4 c5 18. dxc5 bxc5 19. Rac1 d4 20. Nc4 Bb8 21. Bd2 Nd5 22. Rf1 Rcd8 23. Na5 Ba8 24. Qc4 Bc7 25. Qa6 Bb6 26. Nxb6 axb6 27. Nc4 Nec7 28. Qa3 Nb5 29. Qb2 Ndc3 30. Rce1 Qf6 31. a4 Bxf3 32. exf3 Ne2+ 33. Kg2 Nbc3 34. Ne5 Qf5 35. Rf2 f6 36. Nc4 Qg6 37. Kf1 Qd3 38. Kg2 Re6 39. Ra1 Rde8 40. a5 b5 41. Nb6 Rd8 42. Kh1 h5 43. Kg2 Kf7 44. Qa3 Qxd2 45. Qxc5 Nd1 46. Rxd1 Qxd1 0-1

[Event "80th ARM-ch 1st League 2019"]
[Site "Yerevan"]
[Date "2019.08.30"]
[Round "12.2"]
[White "Harutjunyan, Gevorg"]
[Black "Harutyunian, Tigran K."]
[Result "1/2-1/2"]
[ECO "C48"]
[WhiteElo "2455"]
[BlackElo "2555"]
[Annotator "ChessBase"]
[PlyCount "123"]
[EventDate "2019.08.18"]
[EventType "tourn"]
[EventCountry "ARM"]
[SourceTitle "playchess.com"]
[Source "ChessBase"]
[SourceQuality "1"]
[TimeControl "40/5400+30:1800+30"]

1. e4 e5 2. Nf3 Nc6 3. Nc3 Nf6 4. Bb5 Bc5 5. Nxe5 Nxe5 6. d4 a6 7. Be2 Bd6 8. f4 Nc6 9. e5 Bb4 10. exf6 Qxf6 11. Be3 O-O 12. O-O Bxc3 13. bxc3 d5 14. Bd3 Re8 15. Qh5 g6 16. Qf3 Bf5 17. Rae1 Qe6 18. Bd2 Be4 19. f5 gxf5 20. Bxe4 fxe4 21. Qh5 f6 22. Qh6 f5 23. Qg5+ Kh8 24. Rxf5 Rg8 25. Qh5 Raf8 26. Rxd5 Qf6 27. Be3 Ne7 28. Rd7 Rg7 29. Qe5 Qxe5 30. dxe5 Ng6 31. Red1 Nxe5 32. Rd8 Rxd8 33. Rxd8+ Rg8 34. Rd5 Nc6 35. Rd7 Re8 36. Rxc7 Re7 37. Rc8+ Kg7 38. Kf2 Kf6 39. Rg8 Ke6 40. Rg5 Rf7+ 41. Ke2 Rf5 42. Rg4 Ra5 43. Rxe4+ Kd5 44. Rh4 Rxa2 45. c4+ Ke5 46. Bd2 Rxc2 47. Kd3 Ra2 48. Rxh7 b5 49. cxb5 axb5 50. Rh5+ Ke6 51. Rxb5 Ne5+ 52. Kc3 Ra3+ 53. Kd4 Rd3+ 54. Ke4 Rxd2 55. Rxe5+ Kf6 56. Rf5+ Kg6 57. Rf8 Kg7 58. Rf3 Rxg2 59. Rg3+ Rxg3 60. hxg3 Kg6 61. Kf4 Kf6 62. Ke4 {Ke5+} 1/2-1/2

[Event "80th ARM-ch 1st League 2019"]
[Site "Yerevan"]
[Date "2019.08.30"]
[Round "12.3"]
[White "Gharibyan, Mamikon"]
[Black "Khojayan, Vardan"]
[Result "0-1"]
[ECO "A61"]
[WhiteElo "2365"]
[BlackElo "2236"]
[Annotator "NA"]
[PlyCount "80"]
[EventDate "2019.08.18"]
[EventType "tourn"]
[EventCountry "ARM"]
[SourceTitle "playchess.com"]
[Source "ChessBase"]
[SourceQuality "1"]
[TimeControl "40/5400+30:1800+30"]

1. d4 Nf6 2. c4 e6 3. Nf3 c5 4. d5 exd5 5. cxd5 d6 6. Nc3 g6 7. Nd2 Nbd7 8. e4 Bg7 9. Be2 O-O 10. O-O Re8 11. h3 a6 12. a4 $1 Rb8 13. Qc2 Nb6 $16 (13... h6 $11 {keeps the balance.}) 14. a5 Na8 15. Nc4 b5 16. axb6 Nxb6 17. Na5 Qc7 18. Bf4 Nfd7 19. Rfc1 h6 20. Qd2 g5 21. Bg3 Ne5 22. f4 gxf4 23. Bxf4 Kh7 24. Rf1 Nbd7 25. Rf2 Rb4 26. Nc6 Nxc6 27. dxc6 Qxc6 28. Raf1 Ne5 29. Bxe5 Rxe5 30. Rxf7 Be6 31. R7f2 Rg5 32. Kh1 Be5 33. Bd1 Rb8 34. Qd3 c4 35. Qc2 Qc5 36. Qa4 Rbg8 37. Nd5 Bxh3 38. Rf7+ Kh8 39. Bf3 Bxg2+ 40. Bxg2 Rh5+ 0-1

[Event "80th ARM-ch 1st League 2019"]
[Site "Yerevan"]
[Date "2019.08.30"]
[Round "12.4"]
[White "Hayrapetyan, Hovik"]
[Black "Sargsyan, Shant"]
[Result "1-0"]
[ECO "D02"]
[WhiteElo "2453"]
[BlackElo "2540"]
[Annotator "ChessBase"]
[PlyCount "111"]
[EventDate "2019.08.18"]
[EventType "tourn"]
[EventCountry "ARM"]
[SourceTitle "playchess.com"]
[Source "ChessBase"]
[SourceQuality "1"]
[TimeControl "40/5400+30:1800+30"]

1. Nf3 d5 2. d4 Nf6 3. c4 e6 4. g3 dxc4 5. Qa4+ Nbd7 6. Bg2 a6 7. Qxc4 b5 8. Qc2 Bb7 9. a4 c5 10. dxc5 Bxc5 11. axb5 axb5 12. Rxa8 Qxa8 13. Nbd2 Ng4 14. O-O Qa7 15. e3 Bxe3 16. fxe3 Nxe3 17. Qd3 Nxf1+ 18. Kxf1 Nc5 19. Qd6 b4 20. Ke1 Bd5 21. Bf1 f6 22. Bc4 Rf8 23. Bxd5 Nd3+ 24. Kd1 exd5 25. Qxd5 Qd7 26. Qe4+ Kf7 27. Qc4+ Ke7 28. Nd4 Ne5 29. Qxb4+ Kf7 30. N4f3 Re8 31. Nxe5+ Rxe5 32. Qc4+ Kg6 33. b4 f5 34. Kc2 Qa4+ 35. Kb2 h6 36. g4 fxg4 37. Qxg4+ Kh7 38. Nb3 Qb5 39. Bd2 Re2 40. Kc2 Rxh2 41. Qe4+ Kh8 42. Qd4 Re2 43. Qd3 Qc6+ 44. Nc5 Re5 45. Be3 Rd5 46. Bd4 h5 47. Kb3 Rd6 48. Qe3 Kh7 49. Qf4 Qd5+ 50. Kc3 Rg6 51. b5 Rg4 52. Qe5 Qf3+ 53. Kb4 Rg6 54. Ne6 Qa8 55. Qxh5+ Rh6 56. Ng5+ 1-0

[Event "80th ARM-ch 1st League 2019"]
[Site "Yerevan"]
[Date "2019.08.30"]
[Round "12.5"]
[White "Mikaelyan, Arman"]
[Black "Baghdasaryan, Vahe"]
[Result "1-0"]
[ECO "B39"]
[WhiteElo "2454"]
[BlackElo "2373"]
[Annotator "ChessBase"]
[PlyCount "71"]
[EventDate "2019.08.18"]
[EventType "tourn"]
[EventCountry "ARM"]
[SourceTitle "playchess.com"]
[Source "ChessBase"]
[SourceQuality "1"]
[TimeControl "40/5400+30:1800+30"]

1. c4 c5 2. Nf3 g6 3. d4 cxd4 4. Nxd4 Bg7 5. e4 Nc6 6. Be3 Nf6 7. Nc3 Ng4 8. Qxg4 Nxd4 9. Qd1 Nc6 10. Rc1 d6 11. Be2 O-O 12. O-O b6 13. Qd2 Bb7 14. b3 Rc8 15. f4 Rc7 16. h3 Rd7 17. Kh1 e6 18. f5 Ne5 19. Bg5 f6 20. fxe6 Re7 21. Bh4 Rxe6 22. Rcd1 Qa8 23. Nd5 f5 24. Nc7 Qc8 25. Nxe6 Qxe6 26. Qxd6 Qxd6 27. Rxd6 Bxe4 28. Bg3 Re8 29. c5 bxc5 30. Rfd1 Kf7 31. Rd8 Re7 32. Bxe5 Rxe5 33. R8d7+ Kf8 34. Bc4 Re7 35. Rd8+ Re8 36. Bb5 1-0

[Event "80th ARM-ch 1st League 2019"]
[Site "Yerevan"]
[Date "2019.08.30"]
[Round "12.6"]
[White "Torosyan, Norayr"]
[Black "Gevorgyan, Albert"]
[Result "0-1"]
[ECO "C44"]
[WhiteElo "2365"]
[BlackElo "2175"]
[Annotator "NA"]
[PlyCount "98"]
[EventDate "2019.08.18"]
[EventType "tourn"]
[EventCountry "ARM"]
[SourceTitle "playchess.com"]
[Source "ChessBase"]
[SourceQuality "1"]
[TimeControl "40/5400+30:1800+30"]

1. e4 e5 2. Nf3 Nc6 3. d4 exd4 4. Nxd4 Qf6 5. Nb3 Qg6 6. f3 Bd6 7. Nc3 Nge7 8. g3 f5 9. Bd3 O-O 10. f4 Bb4 $14 11. O-O d6 12. exf5 Bxf5 13. Bxf5 Qxf5 14. g4 Qf7 15. Ne4 Qc4 16. Qd3 Qxd3 17. cxd3 a5 18. a3 a4 19. axb4 axb3 20. Rxa8 Rxa8 21. f5 d5 22. Nc5 Nd4 23. Be3 Nec6 24. f6 gxf6 25. Nd7 f5 26. gxf5 Kf7 27. Bxd4 Nxd4 28. Ne5+ Kf6 29. Ng4+ Kg5 30. Ne3 Re8 31. h4+ Kxh4 32. Nxd5 Kg3 33. Nf6 Re2 34. Nh5+ Kg4 35. Nf4 Rxb2 36. f6 Nf3+ 37. Rxf3 Kxf3 38. f7 Rb1+ 39. Kh2 Rb2+ 40. Kh3 Rb1 41. Kh4 Rh1+ 42. Nh3 Kg2 43. f8=Q Rxh3+ 44. Kg4 Rg3+ 45. Kh4 b2 46. Qf5 b1=Q 47. Qe4+ Kh2 48. Qe2+ Rg2 49. Qe3 Qxb4+ 0-1

[Event "80th ARM-ch 1st League 2019"]
[Site "Yerevan"]
[Date "2019.08.30"]
[Round "12.7"]
[White "Chaqryan, Erik"]
[Black "Shahinyan, David"]
[Result "0-1"]
[ECO "B07"]
[WhiteElo "2105"]
[BlackElo "2452"]
[Annotator "ChessBase"]
[PlyCount "88"]
[EventDate "2019.08.18"]
[EventType "tourn"]
[EventCountry "ARM"]
[SourceTitle "playchess.com"]
[Source "ChessBase"]
[SourceQuality "1"]
[TimeControl "40/5400+30:1800+30"]

1. e4 d6 2. d4 Nf6 3. Nc3 g6 4. f3 c6 5. Be3 Nbd7 6. Qd2 Qa5 7. Nge2 e5 8. O-O-O b5 9. Bh6 Bxh6 10. Qxh6 b4 11. Nb1 Qxa2 12. dxe5 dxe5 13. Ng3 a5 14. Rd6 Bb7 15. Be2 O-O-O 16. Rhd1 Nb6 17. Nf5 Nfd7 18. Ne7+ Kb8 19. Qe3 Na4 20. Qb3 Qxb3 21. cxb3 Nac5 22. Bc4 Kc7 23. Bxf7 Rhf8 24. Bc4 Rfe8 25. Nxg6 hxg6 26. Rxg6 Nb6 27. Rg7+ Kb8 28. Rxd8+ Rxd8 29. Rg8 Nd3+ 30. Kd1 Rxg8 31. Bxg8 Kc7 32. Kd2 Ba6 33. Ke3 Nxb2 34. h4 Kd6 35. h5 Ke7 36. g4 a4 37. bxa4 Kf8 38. Be6 c5 39. g5 c4 40. h6 c3 41. Bb3 N6c4+ 42. Kf2 Nd2 43. Nxd2 cxd2 44. g6 Bc4 0-1

[Event "80th ARM-ch 1st League 2019"]
[Site "Yerevan"]
[Date "2019.08.31"]
[Round "13.1"]
[White "Gevorgyan, Albert"]
[Black "Hoghmrtsyan, Artur"]
[Result "0-1"]
[ECO "D00"]
[WhiteElo "2175"]
[BlackElo "2317"]
[Annotator "NA"]
[PlyCount "98"]
[EventDate "2019.08.18"]
[EventType "tourn"]
[EventCountry "ARM"]
[SourceTitle "playchess.com"]
[Source "ChessBase"]
[SourceQuality "1"]
[TimeControl "40/5400+30:1800+30"]

1. d4 d5 2. Nc3 Nf6 3. Bf4 e6 4. Nb5 Na6 5. a3 (5. e3 Be7 6. Nf3 O-O 7. Bd3 c6 8. Nc3 Nb4 9. h3 Nxd3+ 10. cxd3 b6 11. O-O Bb7 {0-1 (40) Rapport,R (2731)-Giri,A (2783) Wijk aan Zee 2019}) 5... Ne4 6. f3 {[%emt 0:02:10] D00: 1 d4 d5: Unusual lines} Nd6 7. Nc3 c6 $146 ({Predecessor:} 7... Nf5 8. Qd2 c5 9. e3 cxd4 10. exd4 Bd7 11. Nge2 Rc8 {0-1 (32) Stork,O (2116)-Khenkin,I (2560) Bad Homburg 2017}) 8. e4 dxe4 9. fxe4 b6 10. Qf3 Nb8 11. O-O-O Be7 12. Bd3 O-O 13. e5 Nf5 14. Qh3 Bg5 {[%emt 0:08:23] [#]} 15. Bxg5 ({White has to play} 15. Bd2 $1 $18) 15... Qxg5+ 16. Kb1 Nh6 17. Nge2 Nd7 18. Ne4 (18. Qf3 $18) 18... Qg4 19. Qe3 Nf5 20. Qf2 c5 21. h3 Qh4 22. g3 Qe7 23. c3 Bb7 24. g4 Nh6 25. Rhg1 f5 {[%emt 0:05:29] [#]} (25... f6 $16) 26. exf6 (26. gxf5 $1 $18 Rxf5 27. Nf6+ Nxf6 28. Bxf5 (28. exf6 Rxf6 29. Qe3 Nf5 $11)) 26... Nxf6 27. Qh4 Rae8 28. Ng5 $2 {[%emt 0:05:38] [#]} (28. Nxf6+ $16 {stays on course.} Rxf6 29. dxc5) 28... Ne4 $1 {[%emt 0:00:42] Pin} 29. Bb5 Nxg5 30. Bxe8 Rxe8 31. dxc5 bxc5 32. Rgf1 Nhf7 33. Qg3 e5 34. h4 Ne4 35. Qe3 Bc6 36. g5 Qe6 37. Rg1 Rb8 38. Nc1 Nfd6 39. Ka1 Nc4 40. Qd3 Nxb2 41. Qd8+ Rxd8 42. Rxd8+ Kf7 43. Kxb2 Qh3 44. Rgd1 Qxc3+ 45. Kb1 Qxa3 46. R1d3 Nc3+ 47. Kc2 Ba4+ 48. Kd2 Qb2+ 49. Ke3 Qxc1+ 0-1

[Event "80th ARM-ch 1st League 2019"]
[Site "Yerevan"]
[Date "2019.08.31"]
[Round "13.2"]
[White "Baghdasaryan, Vahe"]
[Black "Torosyan, Norayr"]
[Result "0-1"]
[ECO "B35"]
[WhiteElo "2373"]
[BlackElo "2365"]
[Annotator "NA"]
[PlyCount "104"]
[EventDate "2019.08.18"]
[EventType "tourn"]
[EventCountry "ARM"]
[SourceTitle "playchess.com"]
[Source "ChessBase"]
[SourceQuality "1"]
[TimeControl "40/5400+30:1800+30"]

1. e4 c5 2. Nf3 Nc6 3. d4 cxd4 4. Nxd4 g6 5. Nc3 Bg7 6. Be3 Nf6 $1 7. Bc4 O-O 8. Bb3 Re8 {[%emt 0:00:17] B35: Sicilian: Accelerated Dragon with 5 Nc3: main line} 9. O-O (9. f3 d5 10. exd5 Nb4 11. Nde2 e6 12. d6 Nbd5 13. Bd4 Qxd6 14. Bxd5 exd5 15. Qd2 b5 16. Nxb5 {½-½ (26) Caruana,F (2819)-Dubov,D (2700) Paris 2019}) 9... d6 10. h3 Na5 11. Bg5 $146 ({Predecessor:} 11. Qd2 b6 12. Rfe1 Bb7 13. Bh6 Rc8 14. Bxg7 Kxg7 15. Rad1 Nxb3 16. axb3 {1-0 (38) Amonatov,F (2620)-Adhiban,B (2666) Doha 2016}) 11... b6 12. Bxf6 Bxf6 13. Bd5 Ba6 14. Bxa8 Bxf1 15. Bd5 Ba6 16. b4 Qc8 17. Ncb5 Bxb5 18. bxa5 Bd7 19. axb6 {[%emt 0:01:50] [#]} e6 $1 ({Not} 19... axb6 20. Qd2 $17) 20. b7 Qc5 21. Rb1 Rb8 22. Nb3 Qc7 23. e5 Bxe5 24. Bf3 d5 25. c4 dxc4 26. Nc5 Qxc5 27. Qxd7 c3 28. Be4 Bg3 29. Rf1 Kg7 30. Qd3 Be5 31. Kh1 $19 (31. Rd1 $17) 31... Bd4 32. g4 Bxf2 33. Qf3 c2 34. Rc1 Rxb7 35. Bxb7 Be3 36. Rxc2 Qxc2 37. Qxe3 Qb1+ 38. Kh2 Qxb7 39. Qe5+ Kg8 40. g5 Qb6 41. a4 a5 42. Qb5 Qf2+ 43. Kh1 Qf5 44. h4 h5 45. gxh6 Kh7 46. Qb2 e5 47. Qb5 Qe4+ 48. Kg1 Qe1+ 49. Kg2 Kxh6 50. Kh3 Kh5 51. Qc4 f5 52. Qb5 Qxh4+ 0-1

[Event "80th ARM-ch 1st League 2019"]
[Site "Yerevan"]
[Date "2019.08.31"]
[Round "13.5"]
[White "Harutyunian, Tigran K."]
[Black "Chaqryan, Erik"]
[Result "1/2-1/2"]
[ECO "A05"]
[WhiteElo "2555"]
[BlackElo "2105"]
[Annotator "ChessBase"]
[PlyCount "124"]
[EventDate "2019.08.18"]
[EventType "tourn"]
[EventCountry "ARM"]
[SourceTitle "playchess.com"]
[Source "ChessBase"]
[SourceQuality "1"]
[TimeControl "40/5400+30:1800+30"]

1. Nf3 Nf6 2. g3 g6 3. Bg2 Bg7 4. d4 O-O 5. O-O d6 6. Re1 Nbd7 7. e4 e5 8. Nc3 exd4 9. Nxd4 Re8 10. h3 Nc5 11. Nb3 Ne6 12. Be3 a6 13. Qd2 Rb8 14. Rad1 b6 15. Bh6 Bh8 16. f4 Nd7 17. f5 Nec5 18. Bg5 Nxb3 19. axb3 f6 20. Bh6 Bg7 21. Nd5 g5 22. Bxg7 Kxg7 23. Qc3 Rb7 24. Nb4 Ne5 25. Nxa6 Ra7 26. Nb4 Bb7 27. Nd3 Qb8 28. b4 Re7 29. Nc1 Bc6 30. Nb3 Bd7 31. Nd4 Qa8 32. b5 Re8 33. Bf1 Re7 34. Bc4 Nxc4 35. Qxc4 Re5 36. b4 h6 37. Qe2 Qe8 38. Nf3 Rxb5 39. c3 Qh5 40. Kh2 Ra3 41. Rc1 Qf7 42. Rc2 h5 43. Rb1 c5 44. Nd2 d5 45. e5 Bxf5 46. Qxb5 Bxc2 47. Rf1 f5 48. bxc5 bxc5 49. Qb2 Qa7 50. Qxc2 Ra2 51. Qd3 c4 52. Qe2 d4 53. e6 Qe7 54. Rf3 dxc3 55. Rxc3 Qd6 56. e7 Qxd2 57. Qxd2 Rxd2+ 58. Kg1 Re2 59. Rxc4 Rxe7 60. Kf2 Re2+ 61. Kg1 Rd2 62. Rc3 Kf7 1/2-1/2

[Event "80th ARM-ch 1st League 2019"]
[Site "Yerevan"]
[Date "2019.08.31"]
[Round "13.6"]
[White "Shahinyan, David"]
[Black "Hayrapetyan, Hovik"]
[Result "1-0"]
[ECO "B24"]
[WhiteElo "2452"]
[BlackElo "2453"]
[Annotator "ChessBase"]
[PlyCount "83"]
[EventDate "2019.08.18"]
[EventType "tourn"]
[EventCountry "ARM"]
[SourceTitle "playchess.com"]
[Source "ChessBase"]
[SourceQuality "1"]
[TimeControl "40/5400+30:1800+30"]

1. e4 c5 2. Nc3 Nc6 3. Bb5 e6 4. Bxc6 bxc6 5. d3 d5 6. Nf3 Nf6 7. O-O Be7 8. Re1 Nd7 9. Qe2 Bb7 10. Nd1 Qc7 11. e5 c4 12. dxc4 Ba6 13. b3 dxc4 14. Bg5 Ba3 15. Qe4 Rb8 16. Qg4 h6 17. Bd2 Kf8 18. Nc3 Nb6 19. Rad1 Be7 20. Ne4 cxb3 21. axb3 c5 22. Nd6 Nd5 23. c4 Nb4 24. Bxb4 cxb4 25. Qf4 Bd8 26. Nd4 Kg8 27. Ra1 g5 28. Qd2 Rb6 29. N4b5 Qd7 30. Nxa7 Qxa7 31. Nc8 Qc7 32. Nxb6 Bb7 33. Na4 Be7 34. Qd4 Qc6 35. f3 Kg7 36. Rad1 Rd8 37. Qe3 Ra8 38. Kh1 g4 39. Rf1 h5 40. Rd2 h4 41. fxg4 h3 42. Qxh3 1-0

[Event "80th ARM-ch 1st League 2019"]
[Site "Yerevan"]
[Date "2019.08.31"]
[Round "13.7"]
[White "Davtyan, Artur"]
[Black "Harutjunyan, Gevorg"]
[Result "1-0"]
[ECO "E73"]
[WhiteElo "2440"]
[BlackElo "2455"]
[Annotator "ChessBase"]
[PlyCount "107"]
[EventDate "2019.08.18"]
[EventType "tourn"]
[EventCountry "ARM"]
[SourceTitle "playchess.com"]
[Source "ChessBase"]
[SourceQuality "1"]
[TimeControl "40/5400+30:1800+30"]

1. d4 Nf6 2. c4 g6 3. Nc3 Bg7 4. e4 d6 5. Be2 O-O 6. Be3 Na6 7. Nf3 e5 8. O-O c6 9. d5 Ng4 10. Bg5 f6 11. Bd2 Nh6 12. Rb1 c5 13. a3 Nf7 14. b4 f5 15. Ne1 Bd7 16. Nd3 b6 17. b5 Nc7 18. a4 Ne8 19. Ra1 Nf6 20. f3 h5 21. a5 Rb8 22. axb6 axb6 23. Ra7 Bh6 24. Bxh6 Nxh6 25. Qd2 f4 26. Nxf4 exf4 27. Qxf4 Nf7 28. Qg3 Kh7 29. f4 Qe7 30. Bd3 Rg8 31. Qh4 Rbe8 32. h3 Kh6 33. Qf2 Ref8 34. Qe3 Kh7 35. Re1 Re8 36. Na4 Qd8 37. Qf2 Rg7 38. Qb2 h4 39. Qf2 Nh5 40. Nxb6 Bxb5 41. Na8 Bd7 42. Nc7 Re7 43. e5 Qb8 44. Ra8 Qb3 45. Be4 Ng3 46. e6 Qxc4 47. exd7 Rxe4 48. Ne6 Qxd5 49. Ng5+ Nxg5 50. d8=Q Rxe1+ 51. Qxe1 Qd4+ 52. Kh2 Nf3+ 53. gxf3 Qb2+ 54. Kg1 1-0